 Dungeon Crawl Stone Soup version 0.20.1-1-g8b1a95d (webtiles) character file.

1939 Irenicus the Martial Artist (level 9, -2/84 HPs)
             Began as an Octopode Chaos Knight on Oct 17, 2017.
             Slain by a fire bat (8 damage)
             ... on level 6 of the Dungeon.
             The game lasted 00:12:17 (4764 turns).

Irenicus the Martial Artist (Octopode Chaos Knight) Turns: 4764, Time: 00:12:19

Health: -2/84      AC:  1    Str: 16 (17) XL:     9   Next: 18%
Magic:  12/13      EV: 14    Int: 15      God:    Xom [....*.]
Gold:   135        SH:  0    Dex: 14      Spells: 12/14 levels left

rFire    . . .     SeeInvis +     - Unarmed
rCold    . . .     Gourm    .   (no shield)
rNeg     . . .     Faith    .   (helmet restricted)
rPois    .         Spirit   .   (no amulet)
rElec    .         Reflect  .   r - +3 ring of strength
rCorr    .         Harm     .   y - ring of see invisible
MR       .....                  (no ring)
Stlth    ..........             (no ring)
Regen    0.3/turn               (no ring)
MPRegen  0.2/turn               (no ring)
                                (no ring)
                                (no ring)

@: berserking, very quick
A: almost no armour, stealthy swim, amphibious, 8 rings, constrict 8, camouflage
2, blurry vision 2, deterioration 1, weak 1, gelatinous body 1
a: Renounce Religion


You were on level 6 of the Dungeon.
You worshipped Xom.
You were a beloved toy of Xom.
You were hungry.

You visited 1 branch of the dungeon, and saw 6 of its levels.

You collected 247 gold pieces.
You spent 112 gold pieces at shops.

Inventory:

Missiles
 n - 3 javelins (quivered)
Jewellery
 r - a +3 ring of strength (left tentacle)
 y - a ring of see invisible (right tentacle)
Wands
 E - a wand of confusion (24/48)
Scrolls
 c - 2 scrolls of random uselessness
 i - 3 scrolls of identify {unknown}
 k - a scroll of amnesia {unknown}
 l - 3 scrolls of enchant weapon {unknown}
 m - a scroll of fear {unknown}
 p - 2 scrolls of recharging {unknown}
 s - 3 scrolls of magic mapping {unknown}
 u - a scroll of fog {unknown}
 x - 2 scrolls of remove curse {unknown}
 A - 2 scrolls of teleportation {unknown}
 D - a scroll of blinking {unknown}
Potions
 b - 2 potions of resistance {unknown}
 d - a potion of brilliance {unknown}
 e - a potion of cancellation {unknown}
 f - a potion of agility
 t - a potion of invisibility {unknown}
 v - 4 potions of curing
 w - a potion of heal wounds
 z - a potion of ambrosia {unknown}
 B - 2 potions of berserk rage
Books
 q - a book of Cantrips

   Spells                             Type                      Level
   a - Confusing Touch                Hexes                        1
   b - Animate Skeleton               Necromancy                   1
   c - Summon Small Mammal            Summoning                    1
   d - Apportation                    Translocation                1
Comestibles
 a - 3 bread rations
 h - 2 meat rations
 j - a fruit
 o - 4 royal jellies


   Skills:
 - Level 3.0 Fighting
 - Level 2.3 Dodging
 + Level 10.2 Unarmed Combat
 - Level 3.0 Spellcasting
 - Level 5.0 Hexes


You had 12 spell levels left.
You knew the following spells:

 Your Spells              Type           Power        Failure   Level  Hunger
a - Confusing Touch       Hex            ###...       2%          1    #......
b - Apportation           Tloc           #.....       21%         1    #......


Dungeon Overview and Level Annotations

Branches:
Dungeon (6/15)             Temple (0/1) D:5

Altars:
Xom

Shops:
D:4 !


Innate Abilities, Weirdness & Mutations

You cannot wear most types of armour.
You are very stealthy in the water. (Stealth+)
You are amphibious.
You can wear up to eight rings at the same time.
You can use your tentacles to constrict eight enemies at once.
Your skin blends seamlessly with your surroundings (Stealth++).
Your rubbery body absorbs attacks. (AC +1, EV +1)
Scrolls take you longer to read.
Your body sometimes deteriorates upon taking damage.
You are weak. (Str -2)


Message History

It was a potion of berserk rage.
A red film seems to cover your vision as you go berserk!
You feel yourself moving faster!
You feel mighty!
Xom roars with laughter!
You constrict the wight.
You destroy the wight!
Your life force feels restored.
The fire bat bites you.
* * * LOW HITPOINT WARNING * * *
You are engulfed in flames.
* * * LOW HITPOINT WARNING * * *
The fire bat misses you.
You tentacle-slap the fire bat but do no damage.
The fire bat appears confused.
You grab the fire bat. You tentacle-slap the fire bat.
The fire bat is heavily wounded.
You constrict the fire bat. The fire bat bites you.
* * * LOW HITPOINT WARNING * * *
You are engulfed in flames!
You die...

##........## #########
#..........# ##.....#..
#..........###.........
#.....[....##..........
#..........##..........
#..........##.........)
#....(...# #..<.......
##...@..# #..........
#.).##b## #..........
#)####.# ##.........
#)# #.# #......#.. #.#
#(# #.######## #z#
#)######.# #.#
#(##.....# # #.#
#.##.....########
##.####..#.............


You could see a fire bat (confused).

Vanquished Creatures
  Pikel (D:5)
  Grinder (D:4)
  Eustachio (D:5)
  Menkaure (D:6)
  A sky beast (D:6)
  3 ogres
  A centaur (D:5)
  A wyvern skeleton (D:6)
  4 wights (D:6)
  A howler monkey (D:4)
  A bullfrog zombie (D:5)
  A hound (D:5)
  Crazy Yiuf (D:4)
  An iguana (D:6)
  A worker ant (D:6)
  A hound skeleton (D:5)
  A worker ant zombie (D:6)
  4 gnolls (D:4)
  8 adders
  A shadow imp (D:3)
  An ooze (D:1)
  An adder skeleton (D:5)
  8 worms
  2 dart slugs
  7 leopard geckos
  4 orcs (D:6)
  2 ball pythons
  3 giant cockroaches
  11 goblins
  A hobgoblin (D:2)
  6 jackals
  3 quokkas
  5 bats
  2 frilled lizards
  8 kobolds
  A quokka skeleton (D:4)
  5 rats
105 creatures vanquished.

Vanquished Creatures (others)
  A howler monkey (D:5)
  A frilled lizard (D:5)
2 creatures vanquished.

Grand Total: 107 creatures vanquished

Notes
Turn   | Place    | Note
-------+----------+-------------------------------------------
     0 | D:1      | Irenicus the Octopode Chaos Knight began the quest for the Orb.
     0 | D:1      | Reached XP level 1. HP: 16/16 MP: 1/1
    34 | D:1      | XOM: silly message
    96 | D:1      | Reached XP level 2. HP: 15/21 MP: 2/2
   204 | D:1      | XOM: smoke on damage
   255 | D:1      | XOM: divination: detect items
   435 | D:1      | Reached skill level 4 in Unarmed Combat
   763 | D:2      | Reached XP level 3. HP: 22/26 MP: 3/3
   899 | D:2      | XOM: smoke on damage
  1373 | D:2      | Reached XP level 4. HP: 24/31 MP: 4/4
  1431 | D:2      | XOM is BORED!
  1431 | D:2      | XOM: noise
  1805 | D:3      | Reached skill level 5 in Unarmed Combat
  1938 | D:3      | Learned a level 1 spell: Confusing Touch
  1940 | D:3      | Learned a level 1 spell: Apportation
  2028 | D:3      | XOM is BORED!
  2028 | D:3      | XOM: medium Tmut miscast
  2081 | D:3      | Reached skill level 1 in Hexes
  2521 | D:4      | Reached XP level 5. HP: 33/36 MP: 1/5
  2537 | D:4      | XOM: 2-stop teleportation journey
  2622 | D:4      | XOM: summons friendly crimson imp
  2892 | D:4      | Noticed an ogre
  2894 | D:4      | XOM: potion effect (agility)
  2923 | D:4      | Killed an ogre
  2923 | D:4      | Reached XP level 6. HP: 31/42 MP: 2/6
  2925 | D:4      | XOM: divination: magic mapping
  3034 | D:4      | Found a runed door.
  3039 | D:4      | Noticed Crazy Yiuf
  3045 | D:4      | Killed Crazy Yiuf
  3202 | D:4      | Noticed Grinder
  3219 | D:4      | Killed Grinder
  3219 | D:4      | Reached skill level 6 in Unarmed Combat
  3219 | D:4      | Reached XP level 7. HP: 15/46 MP: 5/7
  3299 | D:4      | XOM: harmless Hex miscast
  3480 | D:4      | Found Usifrahu's Distillery.
  3503 | D:4      | Bought a potion of heal wounds for 70 gold pieces
  3503 | D:4      | Bought a potion of curing for 42 gold pieces
  3521 | D:5      | Entered Level 5 of the Dungeon
  3569 | D:5      | XOM: potion effect (agility)
  3740 | D:5      | Reached skill level 5 in Hexes
  3745 | D:5      | Noticed Pikel
  3776 | D:5      | Killed Pikel
  3776 | D:5      | Reached skill level 7 in Unarmed Combat
  3776 | D:5      | Reached XP level 8. HP: 24/52 MP: 6/11
  3843 | D:5      | Found a shimmering altar of Xom.
  3856 | D:5      | Found a shimmering altar of Xom.
  3856 | D:5      | Found a shimmering altar of Xom.
  3856 | D:5      | Found a shimmering altar of Xom.
  3856 | D:5      | Found a shimmering altar of Xom.
  3856 | D:5      | Found a shimmering altar of Xom.
  3858 | D:5      | Found a shimmering altar of Xom.
  3858 | D:5      | Found a shimmering altar of Xom.
  3941 | D:5      | Found a shimmering altar of Xom.
  3942 | D:5      | Found a shimmering altar of Xom.
  3955 | D:5      | Reached skill level 8 in Unarmed Combat
  3971 | D:5      | XOM: mild Pois miscast
  3990 | D:5      | Found a staircase to the Ecumenical Temple.
  4027 | D:5      | Noticed Eustachio
  4029 | D:5      | XOM: confuse monster(s)
  4037 | D:5      | Killed Eustachio
  4152 | D:5      | XOM: scenery: 1 doors open
  4493 | D:6      | Noticed Menkaure
  4498 | D:6      | XOM: divination: detect creatures
  4502 | D:6      | Killed Menkaure
  4502 | D:6      | Reached skill level 9 in Unarmed Combat
  4534 | D:6      | Reached XP level 9. HP: 35/56 MP: 11/13
  4707 | D:6      | XOM: noise
  4708 | D:6      | XOM: give mutations
  4708 | D:6      | Gained mutation: Scrolls take you a little longer to read. [Xom's mischief]
  4708 | D:6      | Gained mutation: Scrolls take you longer to read. [Xom's mischief]
  4708 | D:6      | Gained mutation: You are frail. (-10% HP) [Xom's mischief]
  4708 | D:6      | Gained mutation: You are weak. (Str -2) [Xom's mischief]
  4725 | D:6      | XOM: give mutations
  4725 | D:6      | Gained mutation: Your body sometimes deteriorates upon taking damage. [Xom's mischief]
  4725 | D:6      | Gained mutation: Your skin blends seamlessly with your surroundings (Stealth++). [Xom's mischief]
  4726 | D:6      | Reached skill level 10 in Unarmed Combat
  4742 | D:6      | XOM: noise
  4746 | D:6      | XOM: smoke on damage
  4753 | D:6      | XOM: polymorph centaur -> fire bat
  4758 | D:6      | XOM: give mutation
  4758 | D:6      | Lost mutation: You are frail. (-10% HP) [Xom's mischief]
  4764 | D:6      | Slain by a fire bat

Skill      XL: |  1  2  3  4  5  6  7  8  9 |
---------------+----------------------------+-----
Unarmed Combat | 4 5 6 7 9 10 | 10.2
Hexes          | 1 4 5 |  5.0
Spellcasting   | 2 3 |  3.0
Fighting       | |  3.0
Dodging        | |  2.3

Action                   |  1- 3 |  4- 6 |  7- 9 || total
-------------------------+-------+-------+-------++-------
Melee: Unarmed           |    82 |   120 |   125 ||   327
       Constrict         |    18 |    34 |    28 ||    80
       Tentacles         |    13 |    32 |    30 ||    75
       Punch             |     2 |     4 |    11 ||    17
 Cast: Confusing Touch   |       |    16 |    25 ||    41
Evoke: Wand              |       |       |     2 ||     2
  Use: Scroll            |       |       |     2 ||     2
       Potion            |       |       |     1 ||     1
 Stab: Sleeping          |     3 |     4 |       ||     7
       Confused          |       |     4 |    10 ||    14
  Eat: Chunk             |       |     8 |     4 ||    12
       Fruit             |       |       |     1 ||     1
Armor: Skin              |     7 |     4 |       ||    11
Dodge: Dodged            |    52 |    46 |    37 ||   135
